 Dungeon Crawl Stone Soup version 0.31-a0-1388-g4b2ba238e7 (webtiles) character file.

Game seed: 6385642642374339907

1528 BroadwayShuffle the Carver (level 8, -4/70 HPs)
             Began as a Minotaur Berserker on Aug 30, 2023.
             Was a Priest of Trog.
             Slain by Maurice
             ... wielding a +0 long sword
              (8 damage)
             ... on level 7 of the Dungeon on Dec 24, 2023.
             The game lasted 00:33:48 (4500 turns).

BroadwayShuffle the Carver (Minotaur Berserker)     Turns: 4500, Time: 00:33:49

Health: -4/70      AC: 17    Str: 23    XL:     8   Next: 55%
Magic:  0/7        EV:  8    Int:  4    God:    Trog [***...]
Gold:   0          SH:  8    Dex: 11    Spells: 7/7 levels left

rFire   . . .        a - +0 falchion
rCold   . . .        w - +0 kite shield
rNeg    . . .        G - +4 chain mail
rPois   +            (helmet restricted)
rElec   .            q - +1 cloak {Will+}
rCorr   .            (no gloves)
SInv    .            m - +0 pair of boots
Will    +++..        (no amulet) Stlth
                     h - ring of poison resistance
HPRegen 1.31/turn    (no ring)
MPRegen 0.10/turn

%: no passive effects
@: strong-willed, on berserk cooldown, regenerating, slowed, very slow
A: horns 2, retaliatory headbutt
a: Renounce Religion, Berserk, Trog's Hand


You were on level 7 of the Dungeon.
You worshipped Trog.
Trog was most pleased with you.
You visited 1 branch of the dungeon, and saw 7 of its levels.

You collected 44 gold pieces.
You spent 44 gold pieces at shops.

Inventory:

Hand Weapons
 a - a +0 falchion (weapon)
Armour
 b - a +0 animal skin
 m - a +0 pair of boots (worn)
 o - a +0 scale mail
 q - a +1 cloak of willpower (worn)
 r - a +2 buckler
 s - a +0 chain mail
 w - a +0 kite shield (worn)
 C - a +0 plate armour
 G - a +4 chain mail (worn)
Jewellery
 h - a ring of poison resistance (left hand)
Wands
 A - a wand of charming (11)
 D - a wand of polymorph (13)
 I - a wand of flame (9)
Scrolls
 c - 2 scrolls of noise {unknown}
 e - 7 scrolls of identify
 g - a scroll of revelation {unknown}
 j - 2 scrolls of vulnerability {unknown}
 k - 2 scrolls of poison {unknown}
 l - 2 scrolls of amnesia {unknown}
 t - a scroll of teleportation {unknown}
 v - 2 scrolls of fear {unknown}
 z - a scroll of blinking {unknown}
Potions
 d - 4 potions of heal wounds {unknown}
 f - 3 potions of brilliance {unknown}
 i - a potion of enlightenment {unknown}
 p - a potion of magic {unknown}
 u - 2 potions of berserk rage {unknown}
 x - a potion of degeneration {unknown}
 B - a potion of might {unknown}
 E - a potion of invisibility {unknown}
 F - a potion of haste {unknown}
 H - a potion of ambrosia {unknown}


   Skills:
 + Level 5.9 Fighting
 * Level 9.6 Long Blades
 + Level 6.2 Armour
 + Level 3.3 Dodging
 + Level 1.1 Stealth
 + Level 4.1 Shields


You had 7 spell levels left.
You didn't know any spells.
Your spell library was empty.

Dungeon Overview and Level Annotations

Branches:
Dungeon (7/15)             Temple (0/1) D:6

Altars:
Ashenzari
Cheibriados
Fedhas
Kikubaaqudgha
Nemelex Xobeh
Okawaru
Uskayaw
Vehumet
Zin

Shops:
D:6 ?

Annotations:
D:7 Maurice


Innate Abilities, Weirdness & Mutations

You have a pair of horns on your head.
You reflexively headbutt those who attack you in melee.


Message History

Maurice is lightly wounded.
Maurice hits you with a +0 long sword.
* * * LOW HITPOINT WARNING * * *
Maurice groans, "What are you, a monk?" Maurice bites you but does no damage.
Maurice blocks your attack.
Maurice is lightly wounded.
Something hits you.
* * * LOW HITPOINT WARNING * * *
Maurice casts a spell.
Maurice flickers and vanishes!
You miss something. You hit something. Trog accepts your kill.
Trog appreciates your killing of a magic user.
Reactivating autopickup.
You feel a bit more experienced. Something hits you.
* * * LOW HITPOINT WARNING * * *
Something groans, "What are you, a monk?"
Deactivating autopickup; reactivate with Ctrl-A.
Something bites you but does no damage.
You miss something. Your headbutt misses something.
Okay, then.
Something blocks your attack.
You are no longer berserk.
You are exhausted.
You feel yourself slow down. Something hits you but does no damage.
Something bites you but does no damage.
You miss something. Something hits you but does no damage.
Something bites you but does no damage. Something hits you.
* * * LOW HITPOINT WARNING * * *
Something mutters, "Now where did you hide it?"
Something bites you.
* * * LOW HITPOINT WARNING * * *
You feel your power leaking away. Something drains your magic.
Your skin crawls.
You feel strong-willed. Something hits you!
You die...

##.##
#.#####.# #.#
#.# #.# #.#
+# # #.#
#.#####.#
#.......###
####..#...#
.####.{))..#
..'.....@)..#
..####...#.##
##.##.#
####{# #{#
#o# #)# #.#
#.#


There were no monsters in sight!

Vanquished Creatures
  Eustachio (D:5)
  A steam dragon (D:6)
  A black bear (D:6)
  2 ogres
  A kobold brigand (D:6)
  6 scorpions
  2 howler monkeys
  A jelly (D:4)
  2 orc priests
  A hound (D:5)
  Crazy Yiuf (D:3)
  6 orc wizards
  5 adders
  2 white imps (D:6)
  A worm (D:2)
  4 dart slugs
  23 orcs
  7 endoplasms
  3 giant cockroaches
  9 hobgoblins
  13 kobolds
  5 quokkas
  6 ball pythons
  6 bats
  5 frilled lizards
  8 goblins
  6 rats
128 creatures vanquished.

Notes
Turn   | Place    | Note
-------+----------+-------------------------------------------
     0 | D:1      | BroadwayShuffle the Minotaur Berserker began the quest for
                  | the Orb.
     0 | D:1      | Reached XP level 1. HP: 19/19 MP: 0/0
   190 | D:1      | Reached skill level 4 in Long Blades
   190 | D:1      | Reached XP level 2. HP: 20/27 MP: 1/1
   410 | D:1      | Found a faded altar of an unknown god.
   819 | D:2      | Reached XP level 3. HP: 26/33 MP: 2/2
   844 | D:2      | Reached ** piety under Trog
  1554 | D:3      | Found a broken altar of Ashenzari.
  1652 | D:3      | Reached skill level 5 in Long Blades
  1652 | D:3      | Reached XP level 4. HP: 41/41 MP: 3/3
  1775 | D:3      | Reached XP level 5. HP: 47/47 MP: 4/4
  1782 | D:3      | Found a snail-covered altar of Cheibriados.
  1886 | D:3      | Found a runed translucent door.
  1887 | D:3      | Noticed Crazy Yiuf
  1893 | D:3      | Killed Crazy Yiuf
  1894 | D:3      | Reached skill level 6 in Long Blades
  2269 | D:4      | Found an ancient bone altar of Kikubaaqudgha.
  2441 | D:4      | Reached XP level 6. HP: 44/55 MP: 5/5
  2478 | D:4      | Reached skill level 1 in Stealth
  2703 | D:4      | Upgraded the game from 0.31-a0-656-gb4d89c20fa to
                  | 0.31-a0-700-gf13585253f
  2791 | D:4      | Reached skill level 7 in Long Blades
  2794 | D:4      | Reached *** piety under Trog
  2844 | D:4      | Upgraded the game from 0.31-a0-700-gf13585253f to
                  | 0.31-a0-750-gfe7b580527
  2972 | D:4      | Reached skill level 5 in Fighting
  3194 | D:5      | Entered Level 5 of the Dungeon
  3194 | D:5      | Noticed Eustachio
  3218 | D:5      | Killed Eustachio
  3219 | D:5      | Reached skill level 1 in Shields
  3219 | D:5      | Reached XP level 7. HP: 33/61 MP: 6/6
  3246 | D:5      | Upgraded the game from 0.31-a0-750-gfe7b580527 to
                  | 0.31-a0-1388-g4b2ba238e7
  3268 | D:5      | Found a glowing silver altar of Zin.
  3292 | D:5      | Reached skill level 8 in Long Blades
  3611 | D:6      | Found Mevix's Magic Scroll Shop.
  3624 | D:6      | Bought a scroll of identify for 22 gold pieces
  3624 | D:6      | Bought a scroll of identify for 22 gold pieces
  3666 | D:6      | Noticed a steam dragon
  3673 | D:6      | Killed a steam dragon
  3676 | D:6      | Found a blossoming altar of Fedhas.
  3923 | D:6      | Reached skill level 9 in Long Blades
  3996 | D:6      | Found a staircase to the Ecumenical Temple.
  4033 | D:6      | Found a hide-covered altar of Uskayaw.
  4035 | D:6      | Found a sparkling altar of Nemelex Xobeh.
  4036 | D:6      | Found an iron altar of Okawaru.
  4050 | D:6      | Reached skill level 5 in Armour
  4050 | D:6      | Reached XP level 8. HP: 67/69 MP: 7/7
  4222 | D:6      | Found a radiant altar of Vehumet.
  4366 | D:7      | Noticed Maurice
  4373 | D:7      | Something stole a +0 rapier of venom
  4379 | D:7      | Something stole a +0 buckler
  4382 | D:7      | Something stole 225 gold
  4499 | D:7      | HP: 2/70 [something (5)]
  4500 | D:7      | Slain by Maurice

Illustrated notes

Levels and vault maps discovered:
D:1:      scummos_arrival_checkerplants, layout_basic, basic_ecumenical_altar
D:2:      layout_loops_cross
D:3:      layout_loops_ring, cheibriados_altar_1, overflow_temple_1_default,
          minmay_randomly_rotated_circles, uniq_crazy_yiuf_cottage
D:4:      layout_basic, kennysheep_mini_moat, dreamdust_princess_bridge
D:5:      layout_basic, mainiacjoe_overflow_paths, minivault_19, uniq_eustachio,
          uniq_blork_the_orc, uniq_grinder, uniq_edmund
D:6:      layout_loops_ring, overflow_temple_1_default,
          grunt_temple_overflow_open, vehumet_crystals,
          minmay_temple_entry_arrows, serial_shops,
          nicolae_shop_tiny_statue_garden, small_statue_intersection
D:7:      layout_loops_corners, grunt_ogre_cave, uniq_maurice

Skill      XL: |  1  2  3  4  5  6  7  8 |
---------------+-------------------------+-----
Long Blades    | 4 5 6 7 9 |  9.6
Fighting       | 4 5 |  5.9
Stealth        | 1 |  1.1
Armour         | 3 5 6 |  6.2
Shields        | 1 2 4 |  4.1
Dodging        | 3 |  3.3

Action                     |  1- 3 |  4- 6 |  7- 9 || total
---------------------------+-------+-------+-------++-------
  Melee: Falchion          |    96 |   106 |   230 ||   432
         Headbutt          |    12 |    18 |    31 ||    61
         Punch             |     1 |       |       ||     1
 Invoke: Berserk           |     1 |     4 |     6 ||    11
         Trog's Hand       |       |     1 |     4 ||     5
 Armour: Animal skin       |    20 |     4 |       ||    24
         Scale mail        |       |    18 |       ||    18
         Chain mail        |       |    33 |   169 ||   202
         Plate armour      |       |       |    79 ||    79
  Dodge: Dodged            |    53 |    50 |    35 ||   138
  Block: Buckler           |     2 |    18 |       ||    20
         Kite shield       |       |     9 |    67 ||    76

Table legend: (Time is in decaauts)
 A = Elapsed time spent in this place.
 B = Non-inter-level travel time spent in this place.
 C = Inter-level travel time spent in this place.
 D = Time resting spent in this place.
 E = Time spent auto-exploring this place.
 F = Levels seen in this place.
 G = Mean time per level.
                   A        B        C        D        E       F      G
               +--------+--------+--------+--------+--------+-----+--------+
         Total |   4575 |   1374 |   3201 |    403 |      0 |   7 |  653.6 |
       Dungeon |   4575 |   1374 |   3201 |    403 |      0 |   7 |  653.6 |
               +--------+--------+--------+--------+--------+-----+--------+

Top non-repeatable levels by time:
     D:4: 955 daAuts
     D:3: 824 daAuts
     D:1: 765 daAuts
     D:2: 691 daAuts
     D:6: 683 daAuts
     D:5: 401 daAuts
     D:7: 254 daAuts
